Map: Ley Lines

Players

LigerMaNN - Winner!

  • Race: Zerg Zerg
  • League: Diamond
  • Spawn Location: 7:00

Ooops

  • Race: Zerg Zerg
  • League: Platinum
  • Spawn Location: 1:00

VOD

Have the link to the VOD?

Description

Time

  • Played on: June 26, 2025, 1:30 a.m.
  • Length: 11:54
Show
View Real Time Build Order
Export as new Build Order

LigerMaNN Zerg - Winner!

Build Orders: Hatch First, Zergling Baneling 

Get SALT Encoding   

  12  0:00  Drone  
  13  0:13  Overlord  
  13  0:17  Drone  
  14  0:31  Drone x2  
  16  0:40  Drone  
  17  0:51  Hatchery  
  17  0:54  Drone  
  17  0:57  Drone  
  18  1:07  Extractor  
  17  1:14  Spawning Pool  
  17  1:16  Drone  
  17  1:19  Drone  
  18  1:28  Drone  
  19  1:39  Drone  
  20  1:50  Drone  
  21  2:01  Overlord  
  21  2:04  Queen x2  
  21  2:06  Zergling x2  
  26  2:12  Drone  
  26  2:13  Metabolic Boost  
  27  2:28  Hatchery  
  26  2:36  Baneling Nest  
  25  2:38  Zergling x2  
  25  2:40  Zergling x2  
  27  2:46  Zergling x4  
  27  2:50  Zergling x2  
  30  2:52  Zergling x2  
  31  3:12  Queen  
  33  3:17  Zergling x6  
  33  3:19  Overlord  
  36  3:32  Baneling x6  
  35  3:48  Zergling x2  
  35  3:49  Zergling x10  
  38  4:01  Drone x2  
  38  4:02  Drone x2  
  41  4:16  Zergling x8  
  40  4:20  Baneling  
  40  4:21  Baneling x4  
  40  4:29  Drone  
  40  4:30  Drone x2  
  35  5:07  Zergling x26  
  35  5:08  Zergling x4  
  50  5:19  Overlord x3  
  50  5:28  Baneling x8  
  51  5:42  Drone  
  51  5:43  Drone x7  
  51  5:46  Zergling x2  
  59  5:50  Evolution Chamber  
  57  6:12  Drone x3  
  57  6:14  Extractor  
  57  6:15  Roach Warren  
  57  6:17  Drone x3  
  57  6:18  Extractor  
  60  6:19  Drone  
  60  6:20  Drone x4  
  60  6:22  Baneling  
  60  6:23  Baneling x3  
  60  6:24  Baneling  
  60  6:25  Baneling  
  65  6:52  Zerg Missile Weapons Level 1  
  65  6:57  Drone x3  
  65  6:58  Drone, Extractor  
  65  6:59  Drone x2  
  70  7:01  Drone  
  70  7:02  Drone x3  
  70  7:03  Overlord x2  
  70  7:04  Overlord x3  
  73  7:27  Lair  
  73  7:28  Roach x2  
  73  7:29  Roach x6  
  88  7:53  Roach x3  
  88  7:54  Roach x2  
  88  7:55  Roach x7  
  112  8:26  Overlord x4  
  112  8:27  Overlord x5  
  103  8:43  Roach  
  103  8:44  Roach x9  
  121  9:03  Roach x5  
  117  9:16  Roach x10  
  110  9:31  Roach x3  
  111  9:35  Ravager  
  111  9:37  Ravager x2  
  114  9:40  Ravager  
  114  9:41  Ravager  
  116  9:51  Zergling x4  
  116  9:52  Zergling x16  
  126  10:02  Hatchery  
  110  10:09  Roach  
  110  10:10  Roach x11  
  110  10:13  Glial Reconstitution  
  134  10:16  Drone  
  135  10:42  Roach x4  
  151  10:43  Roach x6  
  155  11:11  Drone x12  
  156  11:14  Extractor  
  156  11:15  Extractor  
Show
View Real Time Build Order
Export as new Build Order

Ooops Zerg 

Build Orders: Pool First, Zergling Baneling 

Get SALT Encoding   

  12  0:00  Drone  
  13  0:13  Overlord  
  13  0:16  Drone  
  14  0:32  Drone x2  
  16  0:36  Drone  
  17  0:46  Drone  
  17  0:49  Spawning Pool  
  17  1:08  Hatchery  
  16  1:12  Drone  
  16  1:14  Drone  
  18  1:20  Drone  
  19  1:27  Extractor  
  18  1:37  Queen  
  20  1:40  Zergling x4  
  22  1:52  Overlord  
  22  2:11  Drone  
  22  2:13  Queen  
  25  2:20  Drone  
  25  2:21  Drone  
  27  2:23  Drone  
  28  2:32  Drone  
  28  2:34  Metabolic Boost  
  29  2:39  Drone  
  29  2:43  Overlord  
  30  2:46  Overlord  
  30  2:51  Zergling x2  
  30  2:52  Zergling x2  
  30  2:56  Baneling Nest  
  31  3:02  Drone  
  31  3:05  Zergling x4  
  34  3:11  Zergling x2  
  35  3:23  Evolution Chamber  
  35  3:26  Zergling x10  
  35  3:27  Zergling x6  
  34  3:55  Zergling x2  
  34  3:56  Zergling x8  
  34  4:02  Zergling x6  
  41  4:03  Zergling x2  
  41  4:06  Zergling x2  
  41  4:07  Zergling x4  
  37  4:18  Zergling x2  
  37  4:19  Zergling x2  
  37  4:21  Baneling x5  
  39  4:29  Baneling x3  
  39  4:30  Drone x2  
  41  4:33  Queen  
  35  5:09  Drone x6  
  35  5:10  Drone x2  
  43  5:16  Drone  
  43  5:17  Roach Warren  
  43  5:36  Drone x4  
  43  5:37  Overlord x2  
  43  5:40  Zerg Ground Armor Level 1  
  47  5:47  Lair  
  47  5:50  Extractor  
  47  5:51  Drone  
  47  5:55  Drone x3  
  50  6:05  Baneling  
  50  6:17  Overlord  
  50  6:25  Drone x5, Extractor x2  
  53  6:32  Drone  
  54  6:33  Drone x3  
  54  6:34  Drone  
  58  6:42  Hatchery  
  57  6:52  Glial Reconstitution  
  59  6:54  Roach  
  59  6:55  Roach x7  
  72  7:30  Overlord  
  72  7:31  Overlord x2  
  71  7:40  Zergling x2  
  71  7:50  Roach  
  71  7:51  Roach x6  
  85  8:04  Roach x8  
  100  8:05  Overlord  
  100  8:09  Zerg Ground Armor Level 2  
  100  8:12  Ravager  
  101  8:13  Ravager x2  
  99  8:40  Roach  
  99  8:41  Roach x6  
  111  8:57  Overlord  
  110  9:08  Hatchery  
  102  9:15  Roach  
  102  9:16  Roach x13  
  102  9:17  Roach  
  88  9:39  Ravager x2  
  88  9:40  Ravager x3  
  88  9:41  Roach  
  88  9:42  Roach x2  
  99  9:50  Drone  
  77  10:15  Roach x2  
  77  10:16  Roach x9  
  99  10:26  Zergling x4  
  99  10:27  Zergling x2  
  102  10:33  Drone x3  
  102  10:34  Drone x2  
  107  10:41  Ravager  
  107  10:42  Ravager x2  
  110  10:43  Zergling x4  
  110  10:44  Zergling x10  
  110  10:47  Zergling x2  
  110  10:48  Zergling x2  
  119  11:02  Roach x3  
  119  11:03  Roach  
  127  11:04  Overlord  
  127  11:08  Ravager  
  128  11:13  Overlord  
  128  11:25  Roach  
  130  11:26  Roach  
  130  11:27  Roach x2  
Tags
 
Add a new tag
Caveats
  • Supply blocks, unpowered buildings, or Contaminate may cause inaccurate times.
  • Supply counts are checked every 10 seconds.